 Dungeon Crawl Stone Soup version 0.29-a0-520-gc852659d43 (webtiles) character file.

Game seed: 988272536077320708

4 xian the Conjurer (level 1, 0/14 HPs)
             Began as a Draconian Conjurer on May 31, 2022.
             Slain by a kobold
             ... wielding a +0 club
              (3 damage)
             ... on level 1 of the Dungeon.
             The game lasted 00:00:25 (82 turns).

xian the Conjurer (Draconian Conjurer)                Turns: 82, Time: 00:00:26

Health: 0/14       AC:  4    Str:  9    XL:     1   Next: 58%
Magic:  1/3        EV:  9    Int: 18    God:
Gold:   0          SH:  0    Dex:  9    Spells: 3/4 levels left

rFire   . . .      SeeInvis .   c - +0 short sword
rCold   . . .      Faith    .   (no shield)
rNeg    . . .      Spirit   .   (body armour unavailable)
rPois   .          Reflect  .   (helmet restricted)
rElec   .          Harm     .   (no cloak)
rCorr   .          Rampage  .   (no gloves)
Will    .....                   (no boots)
Stlth   ++........              (no amulet)
HPRegen 0.04/turn               (no ring)
MPRegen 0.08/turn               (no ring)

@: constricted
A: AC +4, unfitting armour, cold-blooded
a: no special abilities


You were on level 1 of the Dungeon.
You visited 1 branch of the dungeon, and saw 1 of its levels.

Inventory:

Hand Weapons
 c - a +0 short sword (weapon)
Potions
 a - a potion of magic
 b - a potion of curing {unknown}


   Skills:
 + Level 1.7 Dodging
 + Level 1.7 Stealth
 + Level 2.0 Spellcasting
 + Level 4.2 Conjurations


You had 3 spell levels left.
You knew the following spells:

 Your Spells              Type           Power      Damage    Failure   Level
a - Magic Dart            Conj           68%        1d6       3%          1

Your spell library contained the following spells:

 Spells                   Type           Power      Damage    Failure   Level
 Searing Ray              Conj           34%        2d5       4%          2
 Dazzling Flash           Conj/Hex       18%        N/A       22%         3
 Fulminant Prism          Conj/Hex       4%         3d6       58%         4
 Iskenderun's Mystic Bla  Conj/Tloc      9%         2d4       58%         4


Dungeon Overview and Level Annotations

Branches:
Dungeon (1/15)

Altars:


Innate Abilities, Weirdness & Mutations

Your plain brown scales are hard. (AC +4)
You cannot fit into any form of body armour.
You are cold-blooded and may be slowed by cold attacks.


Message History

You kill the quokka!
The ball python closely misses you. The ball python grabs you.
The ball python constricts you.
You are too depleted to draw on your mana recklessly!
You barely miss the endoplasm.
You tail-slap the endoplasm, but do no damage.
The endoplasm hits you but does no damage.
The ball python closely misses you. The ball python constricts you.
The endoplasm closely misses you.
You hit the endoplasm.
The endoplasm is moderately wounded.
The ball python bites you. The ball python constricts you.
The endoplasm closely misses you.
You hit the endoplasm but do no damage.
The endoplasm is moderately wounded.
The ball python barely misses you. The ball python constricts you.
The ball python barely misses you. The ball python constricts you.
The endoplasm barely misses you.
You barely miss the endoplasm. You tail-slap the endoplasm.
The endoplasm is severely wounded.
The ball python bites you but does no damage.
The ball python constricts you. The endoplasm misses you.
You hit the endoplasm.
You kill the endoplasm!
The ball python bites you. The ball python constricts you.
You barely miss the kobold. The ball python bites you.
The ball python constricts you.
* * * LOW HITPOINT WARNING * * *
The kobold hits you but does no damage.
The ball python bites you but does no damage.
The ball python constricts you.
You hit the kobold but do no damage. The kobold misses you.
The ball python bites you but does no damage.
The ball python constricts you.
* * * LOW HITPOINT WARNING * * *
You closely miss the kobold.
You tail-slap the kobold, but do no damage.
The ball python barely misses you. The ball python constricts you.
The kobold hits you with a +0 club.
You die...

###...#...
############...###...
.....†...............
##............##..#.
#........####.#####.
#.####...#≈≈≈.§§≈##.
##.#.+.§≈≈§≈.'..
...#.####..###≈.....≈#..
...^..K@..## #≈≈.<.≈≈##.
......S#### #≈.....≈##.
...##.. +.≈≈≈≈§.+.. .
#... #≈≈≈§§§≈#.. .)P..
####.#####. ...PPP #.#
#. .....♣. #.. ..
....... ###


You could see a ball python and a kobold.

Vanquished Creatures
  An endoplasm (D:1)
  A hobgoblin (D:1)
  A quokka (D:1)
  A kobold (D:1)
4 creatures vanquished.

Notes
Turn   | Place    | Note
-------+----------+-------------------------------------------
     0 | D:1      | xian the Draconian Conjurer began the quest for the Orb.
     0 | D:1      | Reached XP level 1. HP: 14/14 MP: 3/3
    82 | D:1      | Slain by a kobold

Illustrated notes

Levels and vault maps discovered:
D:1:      ncdulo_lavacross, layout_rooms, serial_shops,
          nicolae_shop_behind_doors, dreamdust_ecumenical_altar_grove

Action                   || total
-------------------------++-------
Melee: Short sword       ||    12
       Tailslap          ||     3
 Cast: Magic Dart        ||     5
Armor: Skin              ||     5
Dodge: Dodged            ||    14

Table legend: (Time is in decaauts)
 A = Elapsed time spent in this place.
 B = Non-inter-level travel time spent in this place.
 C = Inter-level travel time spent in this place.
 D = Time resting spent in this place.
 E = Time spent auto-exploring this place.
 F = Levels seen in this place.
 G = Mean time per level.
                   A        B        C        D        E       F      G
               +--------+--------+--------+--------+--------+-----+--------+
         Total |     82 |     82 |      0 |      0 |     44 |   1 |   82.0 |
       Dungeon |     82 |     82 |      0 |      0 |     44 |   1 |   82.0 |
               +--------+--------+--------+--------+--------+-----+--------+

Top non-repeatable levels by time:
     D:1: 82 daAuts
